[Event "Titled Tuesday Blitz September 27 Early 2022"]
[White "Kosakowski, Jakub"]
[Black "Baches Garcia, Guillermo"]
[WhiteFideId "1185080"]
[BlackFideId "2209764"]
[WhiteElo "2453"]
[BlackElo "2424"]
[Result "1-0"]
[Round "02"]
[TimeControl "180+1"]
[Date "2022.09.27"]
[WhiteClock "0:00:09"]
[BlackClock "0:00:20"]

1. d4 Nf6 2. Bf4 e6 3. Nf3 d5 4. e3 Bd6 5. Bg3 O-O 6. Bd3 c5 7. c3 Nc6 8. Ne5 Ne7 9. f4 b6 10. Nd2 Bb7 11. Qf3 Nf5 12. Bf2 Be7 13. Qh3 Nd6 14. Bh4 Nfe4 15. Ndf3 c4 16. Bc2 g6 17. O-O b5 18. a3 a5 19. g4 f6 20. g5 fxe5 21. Qxe6+ Nf7 22. Nxe5 Ra6 23. Qh3 Bc8 24. Ng4 Qd7 25. Bd1 Kg7 26. Kh1 Nfd6 27. f5 Rxf5 28. Be2 Qe8 29. Qg2 Rxf1+ 30. Rxf1 Nf5 31. Be1 Re6 32. Qh3 b4 33. Ne5 Bd6 34. Bg4 Bxe5 35. dxe5 Rxe5 36. cxb4 axb4 37. Bxb4 Ned6 38. Bc3 Qe6 39. Qg2 Kg8 40. Bxe5 Qxe5 41. Qf2 Bb7 42. Qf4 d4+ 43. Kg1 Qxf4 44. Rxf4 d3 45. Kf2 Ne4+ 46. Ke1 Bc6 47. Bxf5 d2+ 48. Ke2 gxf5 49. Rxf5 Ba4 50. Rf1 d1=Q+ 51. Rxd1 Bxd1+ 52. Kxd1 Nxg5 53. Kc2 Kf8 54. Kc3 Kf7 55. Kxc4 Ke6 56. b4 Nf3 57. a4 Kd6 58. a5 Nxh2 59. b5 Kc7 60. Kc5 Nf3 61. a6 h5 62. b6+ Kb8 63. Kd6 Ne5 64. Kxe5 h4 65. Kf4 h3 66. Kg3 h2 67. Kxh2 1-0


[Site "https://www.chess.com"]

[Event "Titled Tuesday Blitz September 27 Early 2022"]
[White "Kostiukov, Alexandr"]
[Black "Karas, Marek"]
[WhiteFideId "14108100"]
[BlackFideId "14928558"]
[WhiteElo "2202"]
[BlackElo "2272"]
[Result "1-0"]
[Round "02"]
[TimeControl "180+1"]
[Date "2022.09.27"]
[WhiteClock "0:00:50"]
[BlackClock "0:00:46"]

1. g3 e5 2. Bg2 Nc6 3. c4 Nf6 4. Nf3 Bc5 5. O-O d6 6. e3 O-O 7. d4 exd4 8. exd4 Bb6 9. h3 Bf5 10. Nc3 Qd7 11. g4 Bg6 12. d5 Ne5 13. Nxe5 dxe5 14. Bg5 Ne8 15. Qd2 f6 16. Be3 Bxe3 17. Qxe3 b6 18. b4 Rb8 19. f4 exf4 20. Rxf4 Nd6 21. c5 Rfe8 22. Qd2 bxc5 23. bxc5 Nf7 24. Rd4 Ne5 25. d6 cxd6 26. cxd6 Rbd8 27. Kh1 Bf7 28. Rd1 h5 29. Qf4 hxg4 30. hxg4 Be6 31. g5 Qf7 32. gxf6 Qxf6 33. Qg3 Nf7 34. Rf4 Qxc3 35. Qxc3 1-0


[Site "https://www.chess.com"]

[Event "Titled Tuesday Blitz September 27 Early 2022"]
[White "Kouskoutis, Georgios-Alexandros"]
[Black "Rottenwohrer Suarez, Juan"]
[WhiteFideId "4234049"]
[BlackFideId "32068182"]
[WhiteElo "2130"]
[BlackElo "2132"]
[Result "0-1"]
[Round "02"]
[TimeControl "180+1"]
[Date "2022.09.27"]
[WhiteClock "0:00:02"]
[BlackClock "0:00:04"]

1. c4 Nf6 2. g3 g6 3. Bg2 Bg7 4. Nc3 O-O 5. e4 c5 6. Nge2 Nc6 7. O-O a6 8. Rb1 Rb8 9. a3 b5 10. cxb5 axb5 11. b4 c4 12. d4 cxd3 13. Qxd3 Ne5 14. Qc2 d6 15. h3 Bd7 16. Kh2 Nc4 17. Rd1 Qb6 18. f4 Ne3 19. Bxe3 Qxe3 20. Rd3 Qb6 21. e5 Ne8 22. Nd5 Qd8 23. exd6 Nxd6 24. g4 Rc8 25. Qd1 Bc6 26. Rc1 Bxd5 27. Rxc8 Qxc8 28. Rxd5 Qc4 29. Qd3 Qa2 30. g5 Rc8 31. Nd4 Bxd4 32. Rxd4 Rc2 33. Qg3 Nf5 34. Rd8+ Kg7 35. Qf3 Nh4 36. Qa8 Rxg2+ 37. Kh1 Rh2+ 0-1


[Site "https://www.chess.com"]

[Event "Titled Tuesday Blitz September 27 Early 2022"]
[White "Koziorowicz, Michal"]
[Black "Zilleruelo Irizarry, Diego"]
[WhiteFideId "21809194"]
[BlackFideId "3101460"]
[WhiteElo "2220"]
[BlackElo "1998"]
[Result "1-0"]
[Round "02"]
[TimeControl "180+1"]
[Date "2022.09.27"]
[WhiteClock "0:00:09"]
[BlackClock "0:00:02"]

1. Nf3 d5 2. g3 Nf6 3. Bg2 e6 4. O-O Be7 5. d4 O-O 6. c4 c6 7. b3 Nbd7 8. Bb2 b6 9. Qc2 Bb7 10. Nbd2 Rc8 11. Rfe1 Qc7 12. Rac1 c5 13. dxc5 Bxc5 14. e4 Nxe4 15. Nxe4 dxe4 16. Ng5 Be7 17. Nxe4 Rfd8 18. h4 Nf6 19. Ng5 h6 20. Bxf6 hxg5 21. Bxe7 Qxe7 22. Bxb7 Qxb7 23. hxg5 Qf3 24. g6 Rd6 25. Re3 Qf6 26. gxf7+ Kxf7 27. Rce1 Rcd8 28. Qe2 Rd2 29. Qh5+ Kg8 30. Rf3 Qe7 31. Re4 R8d4 32. Rxd4 Rxd4 33. Qe5 Qd6 34. Qh5 Rd1+ 35. Kg2 Qc6 36. Qf7+ Kh7 37. Kh2 Qe4 38. Qh5+ Kg8 39. Rf8+ Kxf8 40. Qxd1 Ke7 41. Qd2 g6 42. a4 Qf5 43. Qe3 Qh5+ 44. Kg2 Qf5 45. Qf3 Qe5 46. Qb7+ Kf6 47. Qxa7 Qe4+ 48. Kh2 Qd4 49. Kg1 Qd1+ 50. Kg2 Qd4 51. Qb7 Qc5 52. Qf3+ Ke7 53. Qe3 Qc6+ 54. f3 Qd6 55. g4 Qb4 56. Kg3 Kf7 57. Qf4+ Ke7 58. Qe3 Qd6+ 59. f4 Qd1 60. f5 gxf5 61. gxf5 Kf8 62. fxe6 Ke7 63. Qxb6 Qd3+ 64. Kf4 Qf1+ 65. Ke4 Qe1+ 66. Qe3 Qh4+ 67. Kd3 Qh7+ 68. Kc3 Qg7+ 69. Kb4 Qf6 70. a5 Qf5 71. Qc5+ 1-0


[Site "https://www.chess.com"]

[Event "Titled Tuesday Blitz September 27 Early 2022"]
[White "Kravtsiv, Martyn"]
[Black "Estrada Nieto, Julian"]
[WhiteFideId "14113147"]
[BlackFideId "5101018"]
[WhiteElo "2694"]
[BlackElo "2252"]
[Result "1-0"]
[Round "02"]
[TimeControl "180+1"]
[Date "2022.09.27"]
[WhiteClock "0:01:55"]
[BlackClock "0:00:24"]

1. e4 e5 2. Nf3 Nc6 3. Nc3 Nf6 4. a4 Bb4 5. Bd3 O-O 6. O-O Re8 7. Re1 d5 8. Nxd5 Nxd5 9. exd5 Qxd5 10. Be4 Qd6 11. c3 Bc5 12. d4 exd4 13. Bxh7+ Kf8 14. Rxe8+ Kxe8 15. b4 dxc3 16. Qe1+ Qe7 17. bxc5 Qxe1+ 18. Nxe1 g6 19. Be3 Bf5 20. Rc1 Ke7 21. Rxc3 Rh8 22. Bxg6 fxg6 23. h3 Kf7 24. Nf3 Rd8 25. Bf4 Rd7 26. g4 Be4 27. Ng5+ Kg8 28. Nxe4 Rd4 29. Re3 Rxa4 30. Bxc7 Nd4 31. Nd6 Nc6 32. Nxb7 Ra1+ 33. Kg2 a5 34. Nxa5 Nxa5 35. Bxa5 Rxa5 36. Rc3 1-0


[Site "https://www.chess.com"]

[Event "Titled Tuesday Blitz September 27 Early 2022"]
[White "Kubicka, Anna"]
[Black "Sovetbekova, Nurai"]
[WhiteFideId "1152254"]
[BlackFideId "13801910"]
[WhiteElo "2072"]
[BlackElo "1646"]
[Result "0-1"]
[Round "02"]
[TimeControl "180+1"]
[Date "2022.09.27"]
[WhiteClock "0:01:44"]
[BlackClock "0:01:50"]

1. e4 c5 2. Nf3 d6 3. c3 Nf6 4. Bd3 Nc6 5. O-O g6 6. Bc2 Bg7 7. h3 e5 8. d4 cxd4 9. cxd4 exd4 10. Nxd4 Nxd4 11. Qxd4 O-O 12. Nc3 Re8 13. Qd1 Be6 14. Bf4 d5 15. exd5 Nxd5 16. Nxd5 Qxd5 17. Qxd5 Bxd5 18. Rfd1 Bc6 19. Rab1 Re2 20. Rd2 Rae8 21. Be3 R8xe3 0-1


[Site "https://www.chess.com"]

[Event "Titled Tuesday Blitz September 27 Early 2022"]
[White "Kuchava, Ana"]
[Black "Mickiewicz, Piotr"]
[WhiteFideId "13605348"]
[BlackFideId "1114891"]
[WhiteElo "1955"]
[BlackElo "2246"]
[Result "0-1"]
[Round "02"]
[TimeControl "180+1"]
[Date "2022.09.27"]
[WhiteClock "0:00:06"]
[BlackClock "0:00:14"]

1. d4 Nf6 2. Nf3 e6 3. c4 b6 4. a3 Bb7 5. Nc3 Be7 6. d5 O-O 7. e4 exd5 8. cxd5 Re8 9. Bd3 c6 10. O-O cxd5 11. exd5 Bf8 12. Bc4 d6 13. Bg5 Nbd7 14. Rc1 h6 15. Bh4 a6 16. a4 Rc8 17. Qd4 Ne5 18. Nxe5 dxe5 19. Qd3 e4 20. Bxf6 exd3 21. Bxd8 Rxc4 22. Bxb6 Rb4 23. a5 Rxb2 24. Rcd1 d2 25. Na4 Rc2 26. Be3 Bb4 27. d6 Bc6 28. Nb6 Bb5 29. Nd5 Bxd6 30. Rxd2 Rxd2 31. Bxd2 Bxf1 32. Kxf1 Rd8 33. Bb4 Bxb4 34. Nxb4 Rd1+ 35. Ke2 Ra1 36. Nxa6 Rxa5 37. Nb4 g6 38. h4 Kg7 39. Nd3 Kf6 40. g3 Ra2+ 41. Kf3 Ra3 42. Ke3 Kf5 43. Ke2 f6 44. Ke3 h5 45. Ke2 g5 46. hxg5 fxg5 47. Ne1 Kg4 48. Ng2 Ra2+ 49. Ke3 Kh3 50. Ne1 h4 51. gxh4 gxh4 52. f4 Ra4 53. Nf3 Kg3 0-1


[Site "https://www.chess.com"]

[Event "Titled Tuesday Blitz September 27 Early 2022"]
[White "Kvon, Andrey"]
[Black "Jones, Daniel"]
[WhiteFideId "14201356"]
[BlackFideId "2019655"]
[WhiteElo "2458"]
[BlackElo "2337"]
[Result "1-0"]
[Round "02"]
[TimeControl "180+1"]
[Date "2022.09.27"]
[WhiteClock "0:00:56"]
[BlackClock "0:00:13"]

1. d4 Nf6 2. c4 e6 3. Nf3 Bb4+ 4. Bd2 c5 5. Bxb4 cxb4 6. e3 a5 7. a3 bxa3 8. Rxa3 O-O 9. Be2 d5 10. O-O Bd7 11. Nbd2 dxc4 12. Nxc4 b5 13. Nce5 b4 14. Ra1 Be8 15. Qc2 Nbd7 16. Nc6 Qb6 17. Rfc1 Nd5 18. e4 Nf4 19. Bf1 Nf6 20. g3 Ng6 21. Nce5 Nxe5 22. dxe5 b3 23. Qc4 Ng4 24. Qc5 Qxc5 25. Rxc5 a4 26. h3 Nh6 27. Nd4 Bd7 28. Bb5 Bxb5 29. Rxb5 Rfd8 30. Rb4 Kh8 31. Raxa4 Rxa4 32. Rxa4 Ng8 33. Rb4 h5 34. Nxb3 Rd1+ 35. Kg2 Re1 36. Kf3 Ne7 37. Nd4 Ng6 38. Rb5 Rb1 39. h4 Kh7 40. Ke2 Ne7 41. Rb7 Ng6 42. Nf3 Kg8 43. Rb8+ Kh7 44. Ng5+ Kh6 45. Nxf7+ Kh7 46. Ng5+ Kh6 47. f4 Rg1 48. Kf2 Rb1 49. Nf7+ Kh7 50. Ng5+ Kh6 51. Nxe6 Ne7 52. f5 Nc6 53. Rh8# 1-0


[Site "https://www.chess.com"]

[Event "Titled Tuesday Blitz September 27 Early 2022"]
[White "Ladan, Nicholas"]
[Black "Lopez Martinez, Josep Manuel"]
[WhiteFideId "30918855"]
[BlackFideId "2212943"]
[WhiteElo "2167"]
[BlackElo "2471"]
[Result "1/2-1/2"]
[Round "02"]
[TimeControl "180+1"]
[Date "2022.09.27"]
[WhiteClock "0:00:10"]
[BlackClock "0:00:09"]

1. d4 Nf6 2. c4 e6 3. g3 d5 4. Nf3 dxc4 5. Bg2 a6 6. O-O Nc6 7. e3 Rb8 8. Qe2 b5 9. b3 cxb3 10. axb3 Bb7 11. Bd2 Nb4 12. Rc1 c5 13. Bxb4 cxb4 14. Ne5 Bxg2 15. Kxg2 Qd5+ 16. Qf3 Bd6 17. Qxd5 Nxd5 18. Rxa6 Bxe5 19. dxe5 O-O 20. e4 Ne7 21. Rc7 Ng6 22. f4 h5 23. Raa7 Rbd8 24. Rd7 Rxd7 25. Rxd7 Rc8 26. Nd2 h4 27. Rd4 Rc2 28. Kf3 Ne7 29. Ke2 Nc6 30. Rd7 hxg3 31. hxg3 Na5 32. Rd3 g5 33. Kf3 Rc3 34. Ke2 Kg7 35. Rf3 Kg6 36. f5+ Kh5 37. fxe6 fxe6 38. Rf6 Rxg3 39. Rxe6 Nxb3 40. Nxb3 Rxb3 41. Rb6 Kg4 42. e6 Kf4 43. e7 Re3+ 44. Kf2 Rxe4 45. Rxb5 g4 46. Rxb4 g3+ 47. Kg2 Rxb4 48. e8=Q Rb2+ 49. Kf1 Rf2+ 50. Kg1 Kg4 51. Qe4+ Kg5 52. Qe3+ Kg4 53. Qd4+ Kf3 54. Qd5+ Kf4 55. Qd3 Kg4 56. Qe4+ Kg5 57. Kh1 Rh2+ 58. Kg1 Rf2 1/2-1/2


[Site "https://www.chess.com"]

[Event "Titled Tuesday Blitz September 27 Early 2022"]
[White "Lauridsen, Jesper Morch"]
[Black "Becerra, Juan David"]
[WhiteFideId "1401890"]
[BlackFideId "4404998"]
[WhiteElo "2223"]
[BlackElo "2278"]
[Result "0-1"]
[Round "02"]
[TimeControl "180+1"]
[Date "2022.09.27"]
[WhiteClock "0:00:06"]
[BlackClock "0:00:27"]

1. e4 c5 2. Nf3 d6 3. d4 cxd4 4. Nxd4 Nf6 5. Nc3 a6 6. Bc4 e6 7. Bb3 b5 8. Bg5 Nbd7 9. Qe2 Qb6 10. O-O-O Qb7 11. f4 b4 12. Nd5 exd5 13. exd5+ Kd8 14. Rhe1 Kc7 15. Bxf6 Nxf6 16. Qc4+ Kb6 17. Qxb4+ Kc7 18. Qc3+ Kb6 19. Nc6 a5 20. Nd8 Qd7 21. Qd4+ Kc7 22. Nc6 Bb7 23. Ba4 Qf5 24. Re3 Qxd5 25. Qxd5 Nxd5 26. Rxd5 Bxc6 27. Rc3 Ra6 28. Bb5 Rb6 29. a4 Be7 30. Bxc6 Rxc6 31. Rxc6+ Kxc6 32. Rxa5 Rb8 33. Ra7 Rb7 34. Rxb7 Kxb7 35. b4 d5 36. c3 Bd6 37. g3 d4 38. cxd4 Bxb4 39. Kc2 Kc6 40. Kd3 Kd5 41. g4 Ba5 42. f5 Bb6 43. h4 Bxd4 44. a5 g6 45. fxg6 fxg6 46. h5 g5 47. a6 Ba7 48. h6 Bb6 49. Ke2 Ke4 50. Kf1 Kf3 0-1


[Site "https://www.chess.com"]

[Event "Titled Tuesday Blitz September 27 Early 2022"]
[White "Levitan, Caleb Levi"]
[Black "Avazkhonov, Alikhon"]
[WhiteFideId "14332620"]
[BlackFideId "14208504"]
[WhiteElo "1811"]
[BlackElo "1739"]
[Result "0-1"]
[Round "02"]
[TimeControl "180+1"]
[Date "2022.09.27"]
[WhiteClock "0:00:13"]
[BlackClock "0:00:08"]

1. e4 c5 2. Nf3 d6 3. d4 cxd4 4. Nxd4 Nf6 5. Nc3 a6 6. Bc4 e6 7. Bb3 Be7 8. g4 O-O 9. g5 Nfd7 10. Rg1 Nc6 11. h4 Nxd4 12. Qxd4 Ne5 13. Qd1 b5 14. f4 Qb6 15. Rg3 Nc4 16. Bxc4 bxc4 17. h5 Bb7 18. Qg4 f5 19. gxf6 Bxf6 20. h6 g6 21. e5 dxe5 22. f5 exf5 23. Qxc4+ Kh8 24. Be3 Qc6 25. Qb4 f4 26. O-O-O fxg3 27. Rd6 Qh1+ 28. Rd1 Qf3 29. Bc5 Bg5+ 30. Kb1 g2 31. Bxf8 Rxf8 32. Rg1 Qf1+ 33. Nd1 Rd8 34. Qe1 Rxd1+ 35. Qxd1 Qxd1+ 36. Rxd1 Kg8 37. Rg1 Be3 38. Rxg2 Bxg2 39. c3 Be4+ 40. Ka1 Bxh6 41. c4 Be3 42. b4 h5 43. b5 axb5 44. cxb5 Bb6 45. a4 h4 46. Ka2 h3 47. Ka3 h2 48. Kb4 h1=Q 49. a5 Qb1+ 50. Kc4 Qd3+ 51. Kb4 Qd4+ 52. Ka3 Bc5+ 53. Kb3 Bd5+ 54. Kc2 Qc4+ 55. Kd2 Bb4+ 56. Kd1 Qd3+ 57. Kc1 Ba3# 0-1


[Site "https://www.chess.com"]

[Event "Titled Tuesday Blitz September 27 Early 2022"]
[White "Lewtak, Damian"]
[Black "Ravi, Teja S."]
[WhiteFideId "1141724"]
[BlackFideId "5017220"]
[WhiteElo "2329"]
[BlackElo "2432"]
[Result "1-0"]
[Round "02"]
[TimeControl "180+1"]
[Date "2022.09.27"]
[WhiteClock "0:00:09"]
[BlackClock "0:00:18"]

1. e4 c6 2. d3 d5 3. Nd2 e5 4. Ngf3 Bd6 5. Be2 Nf6 6. O-O O-O 7. b3 Re8 8. Bb2 Bg4 9. h3 Bh5 10. Re1 Nbd7 11. Nh4 Bxe2 12. Qxe2 dxe4 13. Nxe4 Nxe4 14. Qxe4 Qg5 15. Nf5 Bf8 16. Re3 Nc5 17. Qf3 f6 18. Rae1 Red8 19. h4 Qg6 20. Qh3 Kh8 21. h5 Qf7 22. d4 exd4 23. Nxd4 Re8 24. h6 gxh6 25. Nf5 Rxe3 26. Qxe3 Nd7 27. Nxh6 Bxh6 28. Qxh6 Rg8 29. Qf4 Qg6 30. g3 h5 31. Re7 Rg7 32. Re6 Rf7 33. Qd6 Qxc2 34. Bxf6+ Nxf6 35. Rxf6 Qb1+ 36. Kh2 Rxf6 37. Qxf6+ Kg8 38. Qe6+ Kg7 39. Qd7+ Kg6 40. Qxb7 Qxa2 41. Qxc6+ Kg7 42. Qc7+ Kg6 43. Qd6+ Kg7 44. Qe5+ Kg6 45. Qe4+ Kh6 46. Qf4+ Kg6 47. b4 a6 48. Kh3 Qe6+ 49. Kg2 Qd5+ 50. Kh2 Qa2 51. Qe4+ Kg7 52. Kg2 Qb3 53. Qb7+ Kg8 54. Qxa6 Qxb4 55. Qg6+ Kf8 56. Qxh5 Kg7 57. Qg5+ Kh7 58. Qh4+ 1-0


[Site "https://www.chess.com"]

[Event "Titled Tuesday Blitz September 27 Early 2022"]
[White "Lorenzo De La Riva, Lazaro"]
[Black "Harish, Neeraj"]
[WhiteFideId "2268809"]
[BlackFideId "30958130"]
[WhiteElo "2325"]
[BlackElo "1574"]
[Result "1-0"]
[Round "02"]
[TimeControl "180+1"]
[Date "2022.09.27"]
[WhiteClock "0:00:09"]
[BlackClock "0:00:23"]

1. e4 c5 2. Nf3 Nc6 3. d4 cxd4 4. Nxd4 Nf6 5. Nc3 e5 6. Ndb5 d6 7. Bg5 a6 8. Na3 b5 9. Nd5 Be7 10. Bxf6 Bxf6 11. c3 O-O 12. Nc2 Rb8 13. g3 Bg5 14. h4 Bh6 15. Bg2 Be6 16. g4 f6 17. Qe2 Rb7 18. Rd1 a5 19. Nce3 Bxe3 20. Nxe3 b4 21. Qa6 Qc7 22. Nf5 bxc3 23. bxc3 Nb4 24. cxb4 Qc3+ 25. Rd2 Rxb4 26. Qd3 Qa1+ 27. Ke2 Qxh1 28. Bxh1 Bc4 29. Nxd6 Bxd3+ 30. Rxd3 Rb2+ 31. Ke3 Rxa2 32. Nf5 a4 33. Bf3 a3 34. Bd1 Rb8 35. Bb3+ 1-0


[Site "https://www.chess.com"]

[Event "Titled Tuesday Blitz September 27 Early 2022"]
[White "Makhnev, Denis"]
[Black "Krishnan, Varun"]
[WhiteFideId "13707647"]
[BlackFideId "5054508"]
[WhiteElo "2486"]
[BlackElo "2632"]
[Result "1-0"]
[Round "02"]
[TimeControl "180+1"]
[Date "2022.09.27"]
[WhiteClock "0:00:22"]
[BlackClock "0:00:02"]

1. d4 d5 2. c4 e6 3. Nf3 c6 4. Qc2 dxc4 5. Qxc4 b5 6. Qd3 Bb7 7. e4 a6 8. a4 b4 9. Nbd2 c5 10. dxc5 Qxd3 11. Bxd3 Bxc5 12. Nb3 Nd7 13. Na5 Bc8 14. Bd2 Ne7 15. Rc1 O-O 16. Ke2 Rb8 17. Rhd1 Bb6 18. Bxb4 Bxa5 19. Bxa5 Rxb2+ 20. Ke3 Ra2 21. Bb4 f5 22. Bxe7 f4+ 23. Kd4 Re8 24. Bd6 Rxa4+ 25. Rc4 Rxc4+ 26. Bxc4 Nb6 27. Ba2 h6 28. Kc5 Nd7+ 29. Kc6 Nf6 30. Rd4 Bd7+ 31. Kb6 Rc8 32. e5 Rc2 33. Bb3 Rb2 34. Rb4 Nd5+ 35. Bxd5 Rxb4+ 36. Bxb4 exd5 37. Kc7 Bg4 38. Nd4 Kf7 39. f3 Be6 40. Kd6 Bc8 41. Kxd5 Ke8 42. Kd6 g5 43. e6 g4 44. Nf5 gxf3 45. Ng7+ Kf8 46. e7+ Kxg7 47. e8=Q fxg2 48. Bc3+ Kh7 49. Qf7# 1-0


[Site "https://www.chess.com"]

[Event "Titled Tuesday Blitz September 27 Early 2022"]
[White "Malek, Jan"]
[Black "Curtis, John"]
[WhiteFideId "21864080"]
[BlackFideId "3200256"]
[WhiteElo "2172"]
[BlackElo "2203"]
[Result "1-0"]
[Round "02"]
[TimeControl "180+1"]
[Date "2022.09.27"]
[WhiteClock "0:00:22"]
[BlackClock "0:00:02"]

1. c4 Nf6 2. Nc3 e5 3. g3 c6 4. Bg2 Be7 5. Nf3 e4 6. Nd4 d5 7. d3 exd3 8. Qxd3 O-O 9. cxd5 cxd5 10. O-O Nc6 11. Rd1 Nxd4 12. Qxd4 Be6 13. Bf4 a6 14. Rac1 Rc8 15. Nxd5 Rxc1 16. Nxe7+ Qxe7 17. Rxc1 Bxa2 18. Bd6 Qd8 19. Bxb7 Re8 20. Bxa6 Qa5 21. Bd3 h6 22. Ra1 Ra8 23. Bc4 Qh5 24. Rxa2 Rxa2 25. Bxa2 Qxe2 26. Bc4 Qh5 27. Kg2 Ng4 28. h3 Nf6 29. Be5 Qf5 30. Qd8+ Kh7 31. Bxf6 Qxf6 32. Bd3+ g6 33. Qxf6 1-0


[Site "https://www.chess.com"]

[Event "Titled Tuesday Blitz September 27 Early 2022"]
[White "Malyi, Viacheslav"]
[Black "Ibrahimli, Murad"]
[WhiteFideId "14123983"]
[BlackFideId "13410229"]
[WhiteElo "2190"]
[BlackElo "2109"]
[Result "1/2-1/2"]
[Round "02"]
[TimeControl "180+1"]
[Date "2022.09.27"]
[WhiteClock "0:00:06"]
[BlackClock "0:00:06"]

1. e4 c5 2. Nf3 d6 3. d4 cxd4 4. Nxd4 Nf6 5. Nc3 a6 6. Rg1 h5 7. h3 e5 8. Nb3 Be6 9. g4 hxg4 10. hxg4 g6 11. g5 Nh5 12. Be3 Nd7 13. Qd2 Rc8 14. O-O-O Nb6 15. Kb1 Be7 16. Be2 Nc4 17. Bxc4 Rxc4 18. f3 Qc7 19. Nd5 Bxd5 20. exd5 Nf4 21. c3 Rh5 22. Qc2 Qd7 23. Nd2 Rh2 24. Rh1 Rxh1 25. Rxh1 Ra4 26. b3 Nxd5 27. Rh8+ Bf8 28. bxa4 Nxe3 29. Qd3 Nf5 30. Ne4 Qxa4 31. Qd5 Qc6 32. Qb3 Ke7 33. Rh7 Bg7 34. Nf6 Qxf3 35. Nd5+ Kf8 36. Qxb7 Qd1+ 37. Kb2 Qd2+ 38. Kb3 Qd1+ 39. Ka3 Qc1+ 40. Ka4 Qc2+ 41. Ka3 Qc1+ 42. Ka4 Qc2+ 43. Ka3 Qc1+ 1/2-1/2


[Site "https://www.chess.com"]

[Event "Titled Tuesday Blitz September 27 Early 2022"]
[White "Mangialardo, Tiago Carvalho"]
[Black "Sadilek, Peter"]
[WhiteFideId "2130718"]
[BlackFideId "1616439"]
[WhiteElo "2024"]
[BlackElo "2145"]
[Result "0-1"]
[Round "02"]
[TimeControl "180+1"]
[Date "2022.09.27"]
[WhiteClock "0:00:03"]
[BlackClock "0:01:27"]

1. e4 e6 2. d4 d5 3. exd5 exd5 4. Nf3 Bd6 5. Bd3 Nc6 6. O-O Bg4 7. c3 Nge7 8. Re1 Qd7 9. Be3 O-O-O 10. Nbd2 f6 11. b4 Nf5 12. Qa4 Kb8 13. Rab1 Nxe3 14. Rxe3 Rhe8 15. Rxe8 Rxe8 16. b5 Ne7 17. c4 dxc4 18. Bxc4 Nc8 19. Bd3 Nb6 20. Qc2 Nd5 21. Be4 Bf4 22. Rb2 Bxd2 23. Nxd2 f5 24. Bf3 Re1+ 25. Nf1 Bxf3 26. gxf3 Qe6 27. Qd3 Nf4 0-1


[Site "https://www.chess.com"]

[Event "Titled Tuesday Blitz September 27 Early 2022"]
[White "Manukyan, Sargis A."]
[Black "Zhigalko, Sergei"]
[WhiteFideId "13303970"]
[BlackFideId "13502956"]
[WhiteElo "2187"]
[BlackElo "2662"]
[Result "1-0"]
[Round "02"]
[TimeControl "180+1"]
[Date "2022.09.27"]
[WhiteClock "0:00:14"]
[BlackClock "0:00:02"]

1. d4 Nf6 2. c4 e6 3. Nc3 Bb4 4. a3 Bxc3+ 5. bxc3 d6 6. e3 e5 7. Bd3 e4 8. Bb1 O-O 9. Ne2 Nc6 10. O-O Na5 11. Ng3 Re8 12. f3 Nxc4 13. fxe4 b5 14. a4 Bd7 15. axb5 Bxb5 16. Rf5 a6 17. Bd3 Nb6 18. Bxb5 axb5 19. Rxa8 Qxa8 20. e5 Ne4 21. Nh5 g6 22. Nf6+ Nxf6 23. Rxf6 Nd5 24. Rf1 Nxc3 25. Qd3 b4 26. Qc4 Qd5 27. Qxb4 Ne2+ 28. Kh1 Nxc1 29. Rxc1 dxe5 30. Qc5 Qxc5 31. dxc5 Ra8 32. Kg1 Ra2 33. Rd1 Rc2 34. Rd5 e4 35. Re5 Kg7 36. Rxe4 Rxc5 37. Kf2 Kf6 38. Kf3 h5 39. h3 Rf5+ 40. Ke2 Rg5 41. g4 hxg4 42. hxg4 Rc5 43. Kf3 Kg5 44. Ra4 f6 45. Rb4 Rc1 46. Rd4 Rc5 47. Rb4 Re5 48. Rd4 c5 49. Ra4 Re6 50. Rc4 Rc6 51. Ke4 Rc8 52. Kd5 Kh4 53. Ke6 Kg5 54. Kd7 Ra8 55. Ke6 Ra5 56. Kd6 Ra3 57. e4 Kxg4 58. e5+ Kf5 59. e6 Rd3+ 60. Ke7 Rd5 61. Kf7 Re5 62. e7 g5 63. Rxc5 Rxc5 64. e8=Q Rc7+ 65. Kf8 g4 66. Qb5+ Kg6 67. Qd3+ Kg5 68. Qd5+ Kg6 69. Qe4+ Kg5 70. Qe3+ Kg6 71. Ke8 1-0


[Site "https://www.chess.com"]

[Event "Titled Tuesday Blitz September 27 Early 2022"]
[White "Martin Duque, Jesus"]
[Black "Nigmatov, Ortik"]
[WhiteFideId "2208954"]
[BlackFideId "14202131"]
[WhiteElo "2258"]
[BlackElo "2378"]
[Result "1-0"]
[Round "02"]
[TimeControl "180+1"]
[Date "2022.09.27"]
[WhiteClock "0:01:01"]
[BlackClock "0:00:05"]

1. Nf3 Nf6 2. b3 g6 3. Bb2 Bg7 4. g3 c5 5. Bg2 d6 6. c4 e5 7. O-O O-O 8. d3 Nc6 9. Nc3 Be6 10. Ng5 Bd7 11. Nge4 Nxe4 12. dxe4 Be6 13. Qd2 Qe7 14. Rad1 Rad8 15. e3 a6 16. f4 f5 17. Nd5 Qf7 18. exf5 gxf5 19. e4 exf4 20. exf5 Bxf5 21. Rxf4 Bxb2 22. Qxb2 Qg7 23. Qf2 Nd4 24. Rdxd4 cxd4 25. Rxf5 d3 26. Nf6+ Kh8 27. Nh5 Qa1+ 28. Bf1 Rxf5 29. Qxf5 d2 30. Nf6 Rd7 31. Nxd7 Qd4+ 32. Kg2 h6 33. Qf8+ Kh7 34. Qf7+ Kh8 35. Nf6 1-0


[Site "https://www.chess.com"]

[Event "Titled Tuesday Blitz September 27 Early 2022"]
[White "Melaugh, Shane"]
[Black "Zanette, Edgard Vinicius"]
[WhiteFideId "2509580"]
[BlackFideId "2109263"]
[WhiteElo "1946"]
[BlackElo "2182"]
[Result "1/2-1/2"]
[Round "02"]
[TimeControl "180+1"]
[Date "2022.09.27"]
[WhiteClock "0:00:09"]
[BlackClock "0:00:04"]

1. e4 c5 2. c4 Nc6 3. Ne2 g6 4. d4 cxd4 5. Nxd4 Bg7 6. Be3 Nf6 7. Nc3 d6 8. Be2 O-O 9. O-O a6 10. h3 Bd7 11. Rc1 Nxd4 12. Bxd4 Bc6 13. Bf3 Rc8 14. Nd5 Nxd5 15. cxd5 Bb5 16. Bxg7 Kxg7 17. Qd4+ Kg8 18. Rfd1 Qa5 19. a3 Bd7 20. Bg4 Bxg4 21. hxg4 Qb5 22. Qd2 Qd7 23. f3 Rxc1 24. Rxc1 Rc8 25. Rc3 Rxc3 26. Qxc3 f6 27. Kf2 Kf7 28. g5 Qd8 29. gxf6 exf6 30. Qb4 Qc7 31. Kg3 h5 32. a4 g5 33. Qb3 Qe7 34. Kf2 h4 35. Ke2 Kg6 36. Qc2 Qe5 37. Qb3 Qh2 38. Kf1 Qh1+ 39. Kf2 Qh2 40. Ke3 Qxg2 41. Qxb7 Qg1+ 42. Kd3 Qd1+ 43. Ke3 Qc1+ 44. Kd3 Qd1+ 45. Kc4 Qc2+ 46. Kd4 Qd2+ 47. Kc4 Qc2+ 48. Kd4 Qxa4+ 49. b4 Qb5 50. Qc8 Qxb4+ 51. Ke3 Qb3+ 52. Kf2 Qb2+ 53. Ke3 Qb6+ 54. Ke2 Qb2+ 55. Ke3 Qb3+ 56. Ke2 Qa2+ 57. Ke3 Qa3+ 58. Ke2 Qa2+ 59. Ke3 Qa3+ 60. Ke2 Qa2+ 1/2-1/2


[Site "https://www.chess.com"]

[Event "Titled Tuesday Blitz September 27 Early 2022"]
[White "Mendez Fortes, Eduardo Jesus"]
[Black "Antonova, Nadezhda"]
[WhiteFideId "3502376"]
[BlackFideId "14700182"]
[WhiteElo "2307"]
[BlackElo "1805"]
[Result "1-0"]
[Round "02"]
[TimeControl "180+1"]
[Date "2022.09.27"]
[WhiteClock "0:00:09"]
[BlackClock "0:00:07"]

1. e4 c5 2. Nf3 d6 3. d4 cxd4 4. Nxd4 Nf6 5. Nc3 a6 6. Bg5 Nbd7 7. Qe2 h6 8. Bh4 e6 9. f4 Be7 10. O-O-O O-O 11. g4 b5 12. Nc6 Qe8 13. g5 Nh7 14. Nxe7+ Qxe7 15. Qh5 hxg5 16. fxg5 g6 17. Qg4 Ne5 18. Qe2 Bb7 19. Bg2 Rac8 20. Qe3 Nc4 21. Qh3 Rc7 22. Rhe1 Rfc8 23. e5 d5 24. Qg3 b4 25. Na4 Bc6 26. Qb3 Qd7 27. Nc5 Qe8 28. Nxa6 Ra7 29. Nxb4 Ba4 30. Qf3 Rb7 31. a3 Nxb2 32. Kxb2 Rxc2+ 33. Ka1 Qa8 34. Rc1 Rxc1+ 35. Rxc1 Rxb4 36. Be1 Rb3 37. Rc3 Rb8 38. Rc7 Be8 39. Qc3 Qa6 40. Bf3 Qb6 41. Qc2 Ra8 42. Rc3 Nxg5 43. Be2 Ne4 44. Rb3 Qg1 45. Qb1 Qa7 46. Bf3 Nc5 47. Rc3 Na4 48. Rb3 Nc5 49. Re3 Na4 50. Bf2 Rb8 51. Qc2 Qb6 52. Ka2 Qb2+ 53. Qxb2 Rxb2+ 54. Ka1 Rxf2 55. Bd1 Nc5 56. Rc3 Ne4 57. Rc8 Kf8 58. Ba4 Kg7 59. Bxe8 Nc3 60. Rxc3 Re2 61. Rc7 Rxe5 62. Rxf7+ Kh6 63. Kb2 Re2+ 64. Kb3 Rxh2 65. a4 Rh3+ 66. Kb4 Rh4+ 67. Kc5 Rh1 68. Rf6 Rg1 69. Rxe6 d4 70. Kxd4 Ra1 71. Rxg6+ Kh5 72. Rg1+ Kh4 73. Rxa1 Kh3 74. a5 1-0


[Site "https://www.chess.com"]